 Dungeon Crawl Stone Soup version 0.25.1-2-g60ff931df9 (webtiles) character file.

Game seed: 2242672226132987223

142 Johnny the Digger (level 4, 0/33 HPs)
             Began as a Demigod Earth Elementalist on Oct 27, 2020.
             Slain by Ijyb (1 damage)
             ... on level 3 of the Dungeon.
             The game lasted 00:01:26 (3095 turns).

Johnny the Digger (Demigod Earth Elementalist)      Turns: 3095, Time: 00:01:27

Health: 0/33       AC:  2    Str: 11    XL:     4   Next: 75%
Magic:  11/11      EV: 12    Int: 21    God:
Gold:   178        SH:  0    Dex: 16    Spells: 7/8 levels left

rFire    . . .     SeeInvis .   l - +0 hand axe (venom)
rCold    . . .     Gourm    .   (no shield)
rNeg     . . .     Faith    .   c - +0 robe
rPois    .         Spirit   .   (no helmet)
rElec    .         Reflect  .   (no cloak)
rCorr    .         Harm     .   (no gloves)
MR       .....                  (no boots)
Stlth    ++........             (no amulet)
HPRegen  0.11/turn              (no ring)
MPRegen  0.12/turn              (no ring)

@: no status effects
A: high mp 1
a: no special abilities


You were on level 3 of the Dungeon.
You were not hungry.

You visited 1 branch of the dungeon, and saw 3 of its levels.

You collected 178 gold pieces.

Inventory:

Hand Weapons
 l - a +0 hand axe of venom (weapon)
 m - a +0 dagger
 p - a +0 scimitar of draining
Missiles
 b - 88 stones (quivered)
Armour
 c - a +0 robe (worn)
Jewellery
 f - a cursed ring of attention {unknown}
Wands
 q - a wand of enslavement (5)
Scrolls
 e - a scroll of amnesia {unknown}
 h - 3 scrolls of identify {unknown}
 i - a scroll of enchant armour {unknown}
 j - 3 scrolls of blinking {unknown}
 n - a scroll of enchant weapon {unknown}
 r - a scroll of remove curse {unknown}
Potions
 a - 2 potions of flight {unknown}
 g - a potion of curing {unknown}
 k - a potion of cancellation {unknown}
 o - a potion of heal wounds {unknown}
Comestibles
 d - 9 rations


   Skills:
 - Level 1.7 Dodging
 - Level 1.7 Stealth
 + Level 2.9 Spellcasting
   Level 0.8 Transmutations
 * Level 4.5 Earth Magic


You had 7 spell levels left.
You knew the following spells:

 Your Spells              Type           Power        Failure   Level  Hunger
a - Sandblast             Erth           ###...       1%          1    None

Your spell library contained the following spells:

 Spells                   Type           Power        Failure   Level  Hunger
 Passwall                 Tmut/Erth      ##......     7%          2    ##.....
 Stone Arrow              Conj/Erth      ##....       16%         3    ###....
 Petrify                  Tmut/Erth      ##......     41%         4    ####...
 Lee's Rapid Deconstruct  Erth           ###.......   50%         5    ######.


Dungeon Overview and Level Annotations

Branches:
Dungeon (3/15)

Annotations:
D:3 Ijyb


Innate Abilities, Weirdness & Mutations

You have an increased reservoir of magic. (+10% MP)


Message History

You now have 178 gold pieces (gained 5).
Ijyb the Twisted Goblin comes into view.
She is wearing a +1 ring mail of fire resistance and carrying a wand of clouds (6).
Ijyb is nearby!
Ijyb shouts!
Ijyb misses you.
You hit Ijyb but do no damage.
Ijyb is poisoned.
Ijyb drinks a potion.
Ijyb seems to speed up.
You barely miss Ijyb.
Ijyb is lightly wounded.
Ijyb hits you.
Ijyb zaps a wand.
Ijyb creates a blast of freezing vapour!
You barely miss Ijyb.
Ijyb is lightly wounded.
You are engulfed in freezing vapours.
Ouch! That really hurt!
* * * LOW HITPOINT WARNING * * *
Ijyb hits you.
* * * LOW HITPOINT WARNING * * *
Ijyb hits you.
You die...

..#...#...#.#..###########
#.#...#..............#
#.#...#..##.#..#####.#
#.#...#..#..#..#
..#...#..#.....#
..#...####..#.######
...............§§§.#
.....##.##..#..§§#.#
........##.....#@#
#..####.##......g# .....
##...#.... ##..#.
#...#.#### ##.# #...... ..
.# ##..#.# .# ..#. .# #. #


You could see Ijyb (fast, very poisoned).

Vanquished Creatures
  Natasha (thrice) (D:2)
  2 adders (D:2)
  A worm (D:2)
  2 dart slugs
  An orc (D:3)
  3 giant cockroaches (D:1)
  6 goblins (D:1)
  5 hobgoblins
  4 jackals (D:2)
  6 kobolds
  A quokka (D:3)
  2 bats
  2 frilled lizards (D:1)
  5 rats (D:1)
43 creatures vanquished.

Notes
Turn   | Place    | Note
-------+----------+-------------------------------------------
     0 | D:1      | Johnny the Demigod Earth Elementalist began the quest for
                  | the Orb.
     0 | D:1      | Reached XP level 1. HP: 14/14 MP: 5/5
   444 | D:1      | Reached skill level 3 in Earth Magic
   769 | D:1      | Reached XP level 2. HP: 20/20 MP: 7/7
  1900 | D:2      | Reached XP level 3. HP: 26/26 MP: 6/9
  2349 | D:2      | Noticed Natasha
  2352 | D:2      | Killed Natasha
  2352 | D:2      | Reached skill level 4 in Earth Magic
  2514 | D:2      | Noticed Natasha
  2517 | D:2      | Killed Natasha
  2517 | D:2      | Reached XP level 4. HP: 33/33 MP: 7/10
  2637 | D:2      | Noticed Natasha
  2642 | D:2      | Killed Natasha
  3088 | D:3      | Noticed Ijyb
  3095 | D:3      | HP: 1/33 [Ijyb (1)]
  3095 | D:3      | Slain by Ijyb

Illustrated notes

Levels and vault maps discovered:
D:1:      minmay_arrival_stair_chambers, layout_basic, minmay_parallelograms
D:2:      layout_rooms, skrybe_limestone_x, minmay_tetromino_s2, uniq_natasha
D:3:      layout_basic, chequers_ecumenical_altar_simple_redux,
          nemelex_xobeh_ov_fountains_minmay, uniq_ijyb

Skill      XL: |  1  2  3 |
---------------+----------+-----
Earth Magic    | 3 4 |  4.5
Spellcasting   | 2 |  2.9
Dodging        | |  1.7
Stealth        | |  1.7
Transmutations | |  0.8

Action                   |  1- 3 |  4- 6 || total
-------------------------+-------+-------++-------
Melee: Unarmed           |    33 |       ||    33
       Dagger            |    13 |     3 ||    16
       Scimitar          |       |     8 ||     8
       Hand axe          |       |     3 ||     3
 Cast: Sandblast         |    40 |     5 ||    45
 Stab: Sleeping          |     1 |       ||     1
  Eat: Chunk             |     5 |     2 ||     7
Armor: Robe              |    15 |     2 ||    17
Dodge: Dodged            |    44 |    12 ||    56
       Rpst.: Scimitar   |       |     3 ||     3
